cohdb
Replays
Latest Replays
All Replays
Popular Replays
Top Player Replays
Match Explorer
How It Works
Community
CoH3 Stats
Reddit
Sign in to upload your games and track your stats! →
Sign in with Steam
Match 42747730
Unlisted
Match 42747730
Overview
Messages
Build Orders
End
Pioneer Squad
Construct Infanterie Kompanie
MG 42 Machine Gun Team
Selects Terror Battlegroup
Selects Machine Gun Camouflage
MG 42 Machine Gun Team
Grenadier Squad
Medical Station
Grenadier Squad
Construct Panzergrenadier Kompanie
Panzergrenadier Squad
Support Elements
Selects No Quarter
Pioneer Squad
StuG III G Assault Gun
Nebelwerfer 42 Rocket Launcher Team
Panzergrenadier Squad
Grenadier Squad
Side Skirts
Selects King Tiger Heavy Tank
King Tiger Heavy Tank
Grenadier Squad
Selects Contempt for the Weak
Pioneer Squad
Selects Jericho Trumpet
Jericho Trumpet
Pak 40 Anti-tank Gun Team
Selects V1 Rocket Strike
AI Takeover
codiece
只愛❤毛妹
0
0
Comments
sign in to comment!
No comments posted yet!